[Event "Titled Tuesday Blitz August 08 Early 2023"]
[White "Afanasieva, Alexandra"]
[Black "reevecanada"]
[WhiteFideId "34126926"]
[WhiteElo "2316"]
[BlackElo "2517"]
[Result "0-1"]
[Round "7"]
[TimeControl "180+1"]
[Date "2023.08.08"]
[WhiteClock "0:00:00"]
[BlackClock "0:01:08"]
[Board "140"]

1. e4 c5 2. Nf3 d6 3. d4 cxd4 4. Nxd4 Nf6 5. Nc3 a6 6. Bg5 e6 7. f3 Be7 8. Qd2 Qc7 9. Bd3 Nbd7 10. O-O b5 11. Nce2 Bb7 12. c3 O-O 13. Rae1 Ne5 14. Ng3 h6 15. Be3 d5 16. Bf4 Bd6 17. Bxe5 Bxe5 18. f4 Bxd4+ 19. cxd4 dxe4 20. Nxe4 Nxe4 21. Bxe4 Bxe4 22. Rxe4 Rad8 23. Rd1 Rd5 24. Re5 Rfd8 25. Rxd5 Rxd5 26. h3 Qc4 27. Qd3 Qxa2 28. Rc1 g6 29. Rc8+ Kg7 30. Qc3 Qb1+ 31. Kh2 Qe4 32. Qb4 Qxf4+ 33. Kh1 Qxd4 34. Qf8+ Kf6 35. Qxh6 Qf2 36. Qh8+ Kf5 37. Rc1 Rd2 38. Rg1 Rxb2 39. Qg7 f6 40. Qb7 a5 41. Qc6 a4 0-1


[Site "https://www.chess.com"]

[Event "Titled Tuesday Blitz August 08 Early 2023"]
[White "Fernandez Siles, Luis"]
[Black "Vyatkin, Dmitry"]
[WhiteFideId "2209420"]
[BlackFideId "4171900"]
[WhiteElo "2314"]
[BlackElo "2515"]
[Result "0-1"]
[Round "7"]
[TimeControl "180+1"]
[Date "2023.08.08"]
[WhiteClock "0:01:00"]
[BlackClock "0:01:32"]
[Board "141"]

1. e4 e6 2. d4 d5 3. e5 c5 4. c3 Nc6 5. Nf3 Bd7 6. Be2 f6 7. O-O Qc7 8. Re1 O-O-O 9. exf6 Nxf6 10. dxc5 Bxc5 11. b4 Bxf2+ 12. Kxf2 Qb6+ 13. Kf1 Ng4 14. Nd4 Rhf8+ 15. Kg1 Nf2 16. Qd2 e5 17. Bf3 Ne4 18. Bxe4 dxe4 19. b5 Na5 20. Ba3 Nc4 0-1


[Site "https://www.chess.com"]

[Event "Titled Tuesday Blitz August 08 Early 2023"]
[White "LionKing2367890"]
[Black "ATM622"]
[WhiteElo "2226"]
[BlackElo "2512"]
[Result "0-1"]
[Round "7"]
[TimeControl "180+1"]
[Date "2023.08.08"]
[WhiteClock "0:00:00"]
[BlackClock "0:00:06"]
[Board "142"]

1. e4 c6 2. d4 d5 3. e5 c5 4. dxc5 e6 5. a3 Bxc5 6. b4 Bb6 7. Bb2 Ne7 8. Bd3 a5 9. Nd2 Nd7 10. Ngf3 Ng6 11. O-O O-O 12. Re1 Bc7 13. c4 dxc4 14. Nxc4 b5 15. Nd6 Bxd6 16. exd6 Ba6 17. Nd4 Nde5 18. Bxg6 Nxg6 19. Nc6 Qd7 20. Qd4 f6 21. Nxa5 Rad8 22. Rad1 Rfe8 23. Nb3 Qc6 24. Nc5 Bb7 25. Nxb7 Qxb7 26. Qc5 Rd7 27. Rd2 Rc8 28. Qe3 Re8 29. f4 e5 30. fxe5 fxe5 31. Qc5 Kh8 32. Qd5 Qb6+ 33. Qc5 Qb7 34. Rde2 Nf4 35. Rd2 e4 36. Qg5 Ng6 37. Rde2 Qb6+ 0-1


[Site "https://www.chess.com"]

[Event "Titled Tuesday Blitz August 08 Early 2023"]
[White "Cagara, Paulina"]
[Black "Kosteniuk, Alexandra"]
[WhiteFideId "1124870"]
[BlackFideId "4128125"]
[WhiteElo "2275"]
[BlackElo "2746"]
[Result "0-1"]
[Round "7"]
[TimeControl "180+1"]
[Date "2023.08.08"]
[WhiteClock "0:00:00"]
[BlackClock "0:00:15"]
[Board "143"]

1. e4 Nf6 2. e5 Nd5 3. d4 d6 4. c4 Nb6 5. exd6 exd6 6. Nc3 Be7 7. Nf3 O-O 8. Be2 N8d7 9. O-O Nf6 10. Be3 h6 11. Rc1 Bf5 12. a3 a5 13. b4 axb4 14. axb4 Ne4 15. Nxe4 Bxe4 16. c5 Nd5 17. Bd2 Ra3 18. Ne1 dxc5 19. dxc5 Bg5 20. Bxg5 Qxg5 21. Bf3 Nf6 22. Rc4 Bxf3 23. Nxf3 Qf5 24. Nh4 Qd3 25. Rd4 Qxd1 26. Rfxd1 Re8 27. h3 Ra2 28. Rd8 Ra8 29. Rxe8+ Rxe8 30. Nf5 Kh7 31. g4 g6 32. Ne3 Re4 33. Nd5 Ne8 34. f3 Re2 35. Kf1 Rh2 36. Rd4 Kg7 37. Re4 Kf8 38. Kg1 Rb2 39. h4 c6 40. Nb6 Nf6 41. Rd4 g5 42. hxg5 hxg5 43. Kf1 Ke7 44. Nc8+ Kf8 45. Nd6 Nd5 46. Nxb7 Nxb4 47. Na5 Ra2 0-1


[Site "https://www.chess.com"]

[Event "Titled Tuesday Blitz August 08 Early 2023"]
[White "Ladan, Nicholas"]
[Black "Gamayev, Oleg"]
[WhiteFideId "30918855"]
[BlackFideId "2802813"]
[WhiteElo "2427"]
[BlackElo "2608"]
[Result "0-1"]
[Round "7"]
[TimeControl "180+1"]
[Date "2023.08.08"]
[WhiteClock "0:01:06"]
[BlackClock "0:01:45"]
[Board "144"]

1. d4 d6 2. Nf3 Nf6 3. Bf4 g6 4. e3 Bg7 5. Nbd2 O-O 6. h4 h5 7. Bd3 Nc6 8. c3 Bg4 9. Qb3 Rb8 10. Ng5 e5 11. Bxg6 exf4 12. Nxf7 Qe7 13. Nh6+ Kh8 14. Nf7+ Rxf7 15. Qxf7 Qxf7 16. Bxf7 fxe3 17. fxe3 Bh6 18. Nf1 Rf8 19. Bc4 Ne4 20. Bd3 Nf2 21. e4 Nxd3# 0-1


[Site "https://www.chess.com"]

[Event "Titled Tuesday Blitz August 08 Early 2023"]
[White "Namitbir Singh Walia"]
[Black "Moral Garcia, Serafin"]
[WhiteFideId "35071068"]
[BlackFideId "2201925"]
[WhiteElo "2426"]
[BlackElo "2540"]
[Result "0-1"]
[Round "7"]
[TimeControl "180+1"]
[Date "2023.08.08"]
[WhiteClock "0:00:06"]
[BlackClock "0:00:15"]
[Board "145"]

1. e4 c5 2. Nf3 e6 3. d4 cxd4 4. Nxd4 Nc6 5. Nb5 d6 6. c4 Nf6 7. N1c3 a6 8. Na3 b6 9. Be3 Bb7 10. f3 Be7 11. Be2 O-O 12. O-O Re8 13. Qe1 d5 14. cxd5 exd5 15. Rd1 Bxa3 16. bxa3 d4 17. Bg5 h6 18. Bh4 Ne5 19. Nd5 Bxd5 20. Rxd4 g5 21. Bf2 Qe7 22. exd5 Rad8 23. Qd1 Qxa3 24. Ra4 Qd6 25. Rxa6 Nxd5 26. Qb3 Nf4 27. Bb5 Re6 28. Rxb6 Qe7 29. Rxe6 Nxe6 30. Rd1 Rb8 31. a4 Nf4 32. Qc2 Qe6 33. Bg3 Neg6 34. Qe4 Qb6+ 35. Bf2 Qa5 36. Qe1 Qc7 37. Rd7 Qc8 38. Qd2 Qf8 39. Ba7 Re8 40. g3 Ne6 41. Bc4 Ne5 42. Bxe6 Nxf3+ 43. Kg2 Nxd2 44. Bxf7+ Qxf7 45. Rxf7 Kxf7 0-1


[Site "https://www.chess.com"]

[Event "Titled Tuesday Blitz August 08 Early 2023"]
[White "Toktomushev, Teimur"]
[Black "LeoLV10"]
[WhiteFideId "14176726"]
[WhiteElo "2417"]
[BlackElo "2533"]
[Result "1-0"]
[Round "7"]
[TimeControl "180+1"]
[Date "2023.08.08"]
[WhiteClock "0:00:04"]
[BlackClock "0:00:04"]
[Board "146"]

1. d4 Nf6 2. c4 e6 3. Nf3 b6 4. g3 Bb7 5. Bg2 Be7 6. O-O O-O 7. Re1 d5 8. cxd5 exd5 9. Nc3 Nbd7 10. Bf4 a6 11. Rc1 Rc8 12. a3 Re8 13. Ne5 Nxe5 14. Bxe5 Qd7 15. b4 Ng4 16. Bf4 Nf6 17. Qb3 Red8 18. a4 Qe6 19. Rc2 Ba8 20. Rec1 c5 21. bxc5 bxc5 22. dxc5 Bxc5 23. e3 Be7 24. Ne2 h6 25. Nd4 Qd7 26. h4 Ne4 27. Qb6 Rxc2 28. Rxc2 Rc8 29. Qxa6 Bb7 30. Qd3 Rxc2 31. Qxc2 Nc5 32. a5 Ba6 33. Qb1 Bf8 34. Qb8 Bc4 35. Qb6 Na6 36. Qb1 g6 37. h5 g5 38. Be5 Bg7 39. Bxg7 Kxg7 40. Nf5+ Kf8 41. Nxh6 Qa4 42. Qh7 Qd1+ 43. Kh2 Qxh5+ 44. Bh3 d4 45. Qh8+ Ke7 46. Ng8+ Kd6 47. Qxh5 1-0


[Site "https://www.chess.com"]

[Event "Titled Tuesday Blitz August 08 Early 2023"]
[White "Rakhimgaliyev, Yerlan"]
[Black "Palczert, Matyas"]
[WhiteFideId "13705148"]
[BlackFideId "784958"]
[WhiteElo "2395"]
[BlackElo "2519"]
[Result "0-1"]
[Round "7"]
[TimeControl "180+1"]
[Date "2023.08.08"]
[WhiteClock "0:00:54"]
[BlackClock "0:00:07"]
[Board "147"]

1. e4 c5 2. c3 Nf6 3. e5 Nd5 4. d4 cxd4 5. Qxd4 e6 6. Nf3 Nc6 7. Qe4 f5 8. Qe2 b5 9. g3 a5 10. Bg2 Ba6 11. Nh4 g6 12. Nxf5 exf5 13. Bxd5 b4 14. c4 Qc7 15. Bg5 Be7 16. Bxe7 Kxe7 17. Nd2 Nd4 18. Qd3 Qxe5+ 19. Kf1 Qxd5 20. Qe3+ Kf7 21. Kg1 Bxc4 22. Nxc4 Qxc4 23. Rd1 Rhe8 24. Qxd4 Qxd4 25. Rxd4 Re1+ 26. Kg2 Rxh1 27. Kxh1 Ke6 28. a3 bxa3 29. bxa3 Rc8 30. Ra4 Rc5 31. Kg2 d5 32. h4 Kd6 33. h5 Rb5 34. hxg6 hxg6 35. Rh4 Kc5 36. Rh6 Rb6 37. Rh4 Re6 38. Kf3 d4 39. Rh8 d3 40. Rd8 Kc4 41. g4 fxg4+ 42. Kxg4 Kc3 43. Rc8+ Kd2 44. Rc5 Ke2 45. f4 d2 46. f5 gxf5+ 47. Kxf5 Re3 48. Rc2 Kd3 0-1


[Site "https://www.chess.com"]

[Event "Titled Tuesday Blitz August 08 Early 2023"]
[White "Chor, Kevin"]
[Black "Vifleemskaia, Svetlana"]
[WhiteFideId "2090740"]
[BlackFideId "4129490"]
[WhiteElo "2510"]
[BlackElo "2383"]
[Result "1-0"]
[Round "7"]
[TimeControl "180+1"]
[Date "2023.08.08"]
[WhiteClock "0:00:16"]
[BlackClock "0:00:00"]
[Board "148"]

1. e4 e5 2. Nf3 Nc6 3. Bb5 a6 4. Ba4 Nf6 5. O-O Be7 6. Re1 b5 7. Bb3 d6 8. c3 O-O 9. d4 Bg4 10. Be3 Na5 11. Bc2 Nc4 12. Bc1 c5 13. b3 Nb6 14. dxc5 Bxf3 15. Qxf3 dxc5 16. Nd2 c4 17. Nf1 Qd7 18. Be3 Rab8 19. h3 Rfc8 20. b4 Na4 21. Rad1 Qe6 22. Bc1 Rd8 23. Bxa4 bxa4 24. Ne3 Rd3 25. Rxd3 cxd3 26. Nd5 Rd8 27. Qxd3 Nxd5 28. exd5 Rxd5 29. Qc2 Qd7 30. Be3 Rd3 31. Bc5 Bxc5 32. bxc5 Rd2 33. Qe4 f6 34. c6 Qc7 35. Qc4+ Kf8 36. Rb1 1-0


[Site "https://www.chess.com"]

[Event "Titled Tuesday Blitz August 08 Early 2023"]
[White "Chudnovsky, Jacob"]
[Black "Nemec, Jachym"]
[WhiteFideId "2010046"]
[BlackFideId "23716525"]
[WhiteElo "2393"]
[BlackElo "2508"]
[Result "1/2-1/2"]
[Round "7"]
[TimeControl "180+1"]
[Date "2023.08.08"]
[WhiteClock "0:00:22"]
[BlackClock "0:00:04"]
[Board "149"]

1. e4 c6 2. d4 d5 3. Nc3 dxe4 4. Nxe4 Nf6 5. Nxf6+ gxf6 6. c3 Rg8 7. Nf3 Qc7 8. g3 Bg4 9. Bg2 Nd7 10. h3 Bf5 11. Be3 e5 12. Qb3 Be6 13. Qc2 Bd6 14. O-O-O O-O-O 15. Kb1 h5 16. Nh4 Nb6 17. Nf5 Kb8 18. Nxd6 Rxd6 19. dxe5 fxe5 20. Rxd6 Qxd6 21. Rd1 Qc7 22. Qh7 Rd8 23. Qxh5 Nc4 24. Bc1 Qb6 25. Rxd8+ Qxd8 26. Be4 f6 27. b3 Nd6 28. Bc2 Nb5 29. Kb2 Nxc3 30. Qf3 Nd5 31. Be4 Nb4 32. a3 Qd4+ 33. Qc3 Qxe4 34. Qxb4 Qxb4 35. axb4 Bxh3 36. Bh6 f5 37. Bg7 e4 38. Be5+ Kc8 39. Kc3 Kd7 40. Kd4 Bf1 41. Bb8 a6 42. Kc5 Bd3 43. Bf4 Bc2 44. Kc4 Ke6 45. Bc7 b5+ 46. Kc3 Bd1 47. Bf4 Kd5 48. Be3 Be2 49. Bc5 Bf1 50. Be3 Be2 51. Bb6 Bh5 52. Be3 Bf7 53. Bb6 Ke5 54. Be3 Bd5 55. Bf4+ Kf6 56. Be3 Kg6 57. Bf4 Kh5 58. Be3 Kg4 59. Bd4 Kf3 60. Be3 Ke2 61. Kc2 Ke1 62. Bd4 Ke2 63. Be3 Be6 64. Bd4 Kf3 65. Be3 Bf7 66. Kc3 Bd5 67. Kc2 Ke2 68. Bd4 Ke1 69. Be3 Bf7 70. Bd4 Bh5 71. Be3 Bd1+ 72. Kc3 Bh5 73. Kc2 Bf7 74. Bd4 Ke2 75. Be3 Kf3 76. Kc3 Bd5 77. Kc2 Ke2 78. Bd4 e3 79. Bxe3 Be4+ 80. Kc3 Kd1 81. Bd4 Ke2 82. Be3 Kd1 83. Bd4 Ke2 84. Be3 1/2-1/2


[Site "https://www.chess.com"]

[Event "Titled Tuesday Blitz August 08 Early 2023"]
[White "Kanyamarala, Trisha"]
[Black "Glavina, Pablo"]
[WhiteFideId "45004722"]
[BlackFideId "100234"]
[WhiteElo "2364"]
[BlackElo "2507"]
[Result "0-1"]
[Round "7"]
[TimeControl "180+1"]
[Date "2023.08.08"]
[WhiteClock "0:00:01"]
[BlackClock "0:00:15"]
[Board "150"]

1. c4 e5 2. Nc3 Nf6 3. g3 Bb4 4. Bg2 Bxc3 5. bxc3 O-O 6. Nf3 d6 7. O-O Nc6 8. d3 h6 9. a4 Nh7 10. Rb1 f5 11. d4 e4 12. Nd2 Qe7 13. Nb3 g5 14. c5 d5 15. Qc2 Be6 16. e3 Nf6 17. c4 Nh5 18. f3 Rae8 19. fxe4 fxe4 20. cxd5 Bxd5 21. Qe2 Rxf1+ 22. Bxf1 Nf6 23. Nd2 b6 24. Ba3 Qe6 25. cxb6 axb6 26. Qb5 Kg7 27. Bc4 Bxc4 28. Qxc4 Qxc4 29. Nxc4 Nd5 30. Rc1 Ra8 31. Nb2 Nd8 32. Kf2 Ne6 33. Rc6 Kf7 34. Nc4 Rxa4 35. Ne5+ Kf6 36. Ng4+ Kf7 37. Nxh6+ Kf6 38. Ng4+ Kg7 39. Bc1 Ra2+ 40. Ke1 Nd8 41. Rc4 Nb7 42. Nf2 Nd6 43. Rc6 Kf7 44. Ng4 Ke7 45. Ne5 Rxh2 46. Ba3 Nxe3 47. Rxc7+ Ke6 48. Bxd6 Kxd6 49. Rc6+ Ke7 50. Rxb6 Nc2+ 51. Kf1 Nxd4 52. Nc6+ Nxc6 53. Rxc6 e3 54. Rg6 Rf2+ 55. Ke1 Rf5 56. Ke2 Re5 57. Rb6 Kf7 58. Rb3 Kg6 59. Rxe3 Ra5 60. Rb3 Kh5 61. Kf3 Ra4 62. Kg2 Kg4 63. Rb2 Rc4 64. Rd2 Rc3 65. Kh2 Kf5 66. Rf2+ Ke4 67. Kh3 Rf3 68. Re2+ Kf5 69. Rd2 Ra3 70. Rf2+ Kg6 71. Kg4 Ra4+ 72. Kh3 Kh5 73. Rf8 g4+ 74. Kg2 Kg5 75. Rg8+ Kf5 76. Rf8+ Ke6 77. Re8+ Kf7 78. Re4 Rxe4 0-1


[Site "https://www.chess.com"]

[Event "Titled Tuesday Blitz August 08 Early 2023"]
[White "Lesbekova, Assel"]
[Black "Hnydiuk, Aleksander"]
[WhiteFideId "13713248"]
[BlackFideId "1109057"]
[WhiteElo "2344"]
[BlackElo "2493"]
[Result "0-1"]
[Round "7"]
[TimeControl "180+1"]
[Date "2023.08.08"]
[WhiteClock "0:01:14"]
[BlackClock "0:01:45"]
[Board "151"]

1. e4 e5 2. Nf3 Nc6 3. Nc3 Nf6 4. d4 exd4 5. Nxd4 Bc5 6. Nb3 Bb6 7. Bg5 h6 8. Bh4 d6 9. Qf3 g5 10. Bg3 Be6 11. h3 Qe7 12. O-O-O O-O-O 13. Nd5 Bxd5 14. exd5 Ne5 15. Qf5+ Kb8 16. Re1 Nh5 17. Bxe5 dxe5 18. Qxe5 Qxe5 19. Rxe5 Bxf2 20. Bc4 Rhe8 21. Rxe8 Rxe8 22. Rf1 Be3+ 23. Kd1 Re7 24. d6 cxd6 25. Rxf7 Rxf7 26. Bxf7 Nf4 27. g3 Nxh3 28. Ke2 Bb6 29. Bh5 Kc7 30. c4 Nf2 31. c5 dxc5 32. Kxf2 c4+ 33. Kf3 cxb3 34. axb3 Bd4 35. Ke4 Bxb2 36. Kf5 Kd6 37. Kg6 Kc5 38. Kxh6 Bc1 39. g4 Kb4 40. Bf7 a5 41. Kg6 b5 42. Kf5 a4 43. bxa4 bxa4 44. Ke4 Kc3 45. Kf3 a3 46. Ke2 Kb2 47. Kd1 Bf4 48. Ke2 a2 0-1


[Site "https://www.chess.com"]

[Event "Titled Tuesday Blitz August 08 Early 2023"]
[White "Korpics, Zsolt"]
[Black "Garakov, Mikhael"]
[WhiteFideId "705241"]
[BlackFideId "4169034"]
[WhiteElo "2358"]
[BlackElo "2492"]
[Result "1/2-1/2"]
[Round "7"]
[TimeControl "180+1"]
[Date "2023.08.08"]
[WhiteClock "0:00:06"]
[BlackClock "0:00:19"]
[Board "152"]

1. e4 c5 2. Nf3 e6 3. d4 cxd4 4. Nxd4 Nc6 5. Nc3 Qc7 6. Be3 a6 7. Qf3 d6 8. O-O-O Bd7 9. g4 b5 10. a3 Rc8 11. Qg3 Qb8 12. Nxc6 Bxc6 13. Bf4 a5 14. Bxd6 Bxd6 15. Qxd6 Qxd6 16. Rxd6 b4 17. axb4 axb4 18. Rxc6 Rxc6 19. Bb5 Kd7 20. Ne2 Kc7 21. Bxc6 Kxc6 22. Nd4+ Kc5 23. Rd1 Nf6 24. f3 g5 25. e5 Nd5 26. Nb3+ Kb6 27. h4 h5 28. hxg5 hxg4 29. fxg4 Rg8 30. Rf1 Rxg5 31. Rxf7 Rxe5 32. Rg7 Re1+ 33. Kd2 Rg1 34. Rg6 Rg2+ 35. Kc1 Rg1+ 36. Kd2 Rg2+ 37. Kc1 Nf4 38. Rf6 Rxg4 39. Nd4 Kb7 40. Nxe6 Rg1+ 41. Kd2 Rg2+ 42. Kc1 Rg1+ 43. Kd2 Rg2+ 44. Kc1 Rg1+ 1/2-1/2


[Site "https://www.chess.com"]

[Event "Titled Tuesday Blitz August 08 Early 2023"]
[White "Gauravthegm"]
[Black "Jovic, Stanoje"]
[BlackFideId "905020"]
[WhiteElo "2343"]
[BlackElo "2490"]
[Result "0-1"]
[Round "7"]
[TimeControl "180+1"]
[Date "2023.08.08"]
[WhiteClock "0:00:36"]
[BlackClock "0:01:51"]
[Board "153"]

1. e4 c6 2. d4 d5 3. exd5 cxd5 4. Bd3 Nc6 5. c3 e5 6. dxe5 Nxe5 7. Qe2 Qe7 8. Bb5+ Bd7 9. Bxd7+ Kxd7 10. Qb5+ Kc7 11. Ne2 a6 12. Qa5+ b6 13. Qa4 Nd3+ 14. Kd2 Nc5 15. Qf4+ Kb7 16. Nd4 Nf6 17. f3 g5 18. Qe3 Qd7 19. Na3 Re8 20. Qg1 g4 21. Kc2 gxf3 22. gxf3 Rg8 23. Qf2 Qh3 24. Rg1 Nfe4 25. Qf1 Qxh2+ 26. Kb1 Rxg1 0-1


[Site "https://www.chess.com"]

[Event "Titled Tuesday Blitz August 08 Early 2023"]
[White "Ljukin, Sergei"]
[Black "Ncatt"]
[WhiteFideId "14102200"]
[WhiteElo "2479"]
[BlackElo "2337"]
[Result "0-1"]
[Round "7"]
[TimeControl "180+1"]
[Date "2023.08.08"]
[WhiteClock "0:00:01"]
[BlackClock "0:00:37"]
[Board "154"]

1. e4 c5 2. Nf3 Nc6 3. d4 cxd4 4. Nxd4 Nf6 5. Nc3 e6 6. Nxc6 bxc6 7. e5 Nd5 8. Ne4 Qc7 9. f4 Qb6 10. c4 Bb4+ 11. Ke2 f5 12. exf6 Nxf6 13. Be3 Qd8 14. Nd6+ Bxd6 15. Qxd6 Bb7 16. Rg1 Rc8 17. g4 c5 18. Bg2 Bxg2 19. Rxg2 Rc6 20. Qe5 O-O 21. Rd1 Qe7 22. g5 Ne8 23. Kd2 Nd6 24. b3 Rf5 25. Qb2 Ne4+ 26. Kc1 d5 27. Qc2 Nd6 28. cxd5 exd5 29. Re2 Ne4 30. h4 c4 31. Kb2 Ra6 32. Ka1 Qa3 33. bxc4 Rc6 34. Rd3 Qa5 35. Qb3 dxc4 36. Qb8+ Rf8 37. Qb7 cxd3 38. Bd4 Qc7 39. Qb3+ Qf7 40. Rxe4 Qxb3 41. axb3 d2 0-1


[Site "https://www.chess.com"]

[Event "Titled Tuesday Blitz August 08 Early 2023"]
[White "Fernandez Hernandez, Gerardo"]
[Black "Khamdamova, Afruza"]
[WhiteFideId "2207400"]
[BlackFideId "14210444"]
[WhiteElo "2255"]
[BlackElo "2477"]
[Result "0-1"]
[Round "7"]
[TimeControl "180+1"]
[Date "2023.08.08"]
[WhiteClock "0:00:00"]
[BlackClock "0:00:24"]
[Board "155"]

1. e4 e5 2. Nf3 Nc6 3. Bc4 Nf6 4. Ng5 d5 5. exd5 Na5 6. Bb5+ c6 7. dxc6 bxc6 8. Bd3 Nd5 9. Nf3 Nf4 10. O-O Nxd3 11. cxd3 Bd6 12. Re1 O-O 13. Nxe5 c5 14. Qh5 Bb7 15. Nc3 Nc6 16. Nc4 Nd4 17. Re3 Bf4 18. Rh3 h6 19. b3 Bc8 20. Ba3 Bxh3 21. Qxh3 Rc8 22. Re1 Re8 23. Rxe8+ Qxe8 24. Ne4 f5 25. g3 fxe4 26. gxf4 Rc6 27. Qg2 Rg6 0-1


[Site "https://www.chess.com"]

[Event "Titled Tuesday Blitz August 08 Early 2023"]
[White "Player, Edmund C"]
[Black "Shuvalov, Evgenij"]
[WhiteFideId "406520"]
[BlackFideId "4187237"]
[WhiteElo "2313"]
[BlackElo "2475"]
[Result "0-1"]
[Round "7"]
[TimeControl "180+1"]
[Date "2023.08.08"]
[WhiteClock "0:00:00"]
[BlackClock "0:00:56"]
[Board "156"]

1. e4 e6 2. d4 d5 3. Nd2 c5 4. exd5 exd5 5. Ngf3 Nc6 6. Bb5 Qe7+ 7. Qe2 Qxe2+ 8. Bxe2 Bf5 9. c3 cxd4 10. Nxd4 Nxd4 11. cxd4 Bd6 12. O-O Ne7 13. Re1 f6 14. Nf1 Kf7 15. Bd2 Rhc8 16. Ne3 Be6 17. Rac1 Rxc1 18. Rxc1 Rc8 19. Rxc8 Bxc8 20. Bf3 Be6 21. Kf1 f5 22. g3 g5 23. Bh5+ Kf6 24. Be2 f4 25. Ng4+ Kg6 26. Kg2 h5 27. Ne5+ Bxe5 28. dxe5 fxg3 29. hxg3 g4 30. f4 Bf5 31. Bc3 Be4+ 32. Kf2 Nf5 33. Bb5 d4 34. Be8+ Kh6 35. Bb4 h4 36. Bf8+ Kh7 37. gxh4 g3+ 38. Kg1 Nxh4 39. Bh5 d3 40. e6 Nf3+ 41. Bxf3 Bxf3 42. Bb4 Kg6 43. e7 Kf7 44. f5 b6 0-1


[Site "https://www.chess.com"]

[Event "Titled Tuesday Blitz August 08 Early 2023"]
[White "Vaglio Munoz, Jaime"]
[Black "slidingknight2775"]
[WhiteFideId "6500145"]
[WhiteElo "2248"]
[BlackElo "2463"]
[Result "0-1"]
[Round "7"]
[TimeControl "180+1"]
[Date "2023.08.08"]
[WhiteClock "0:00:00"]
[BlackClock "0:00:50"]
[Board "157"]

1. Nf3 d5 2. c4 e6 3. b3 Nf6 4. Bb2 c5 5. g3 Nc6 6. Bg2 d4 7. O-O e5 8. d3 Bd6 9. a3 a5 10. a4 O-O 11. Na3 Re8 12. Nb5 h6 13. Bc1 Bf5 14. e4 dxe3 15. fxe3 e4 16. Nh4 Bg4 17. Qc2 Nb4 18. Qf2 Nxd3 19. Qd2 Be5 20. Rb1 Qd7 21. Ba3 Rad8 22. Qxa5 g5 23. h3 Bxh3 24. Bxh3 Qxh3 25. Nf5 Bxg3 26. Qd2 Nf2 27. Rxf2 Rxd2 28. Rxd2 Qxf5 29. Rf1 Qe6 30. Bxc5 Ng4 31. Bd4 Be5 0-1


[Site "https://www.chess.com"]

[Event "Titled Tuesday Blitz August 08 Early 2023"]
[White "Preobrazhenska_D2011"]
[Black "MateoReyes"]
[WhiteElo "2247"]
[BlackElo "2459"]
[Result "1-0"]
[Round "7"]
[TimeControl "180+1"]
[Date "2023.08.08"]
[WhiteClock "0:00:12"]
[BlackClock "0:00:32"]
[Board "158"]

1. e4 c5 2. Nf3 d6 3. d4 cxd4 4. Nxd4 Nf6 5. Nc3 a6 6. Bg5 e6 7. f4 Nbd7 8. Qf3 Qc7 9. O-O-O Be7 10. g4 h6 11. Bxf6 Bxf6 12. h4 Qb6 13. Nb3 Be7 14. Bh3 Nc5 15. Nxc5 Qxc5 16. g5 hxg5 17. hxg5 g6 18. Bxe6 Rxh1 19. Bxf7+ Kxf7 20. Qxh1 Qe3+ 21. Kb1 Qh3 22. Qg1 Be6 23. Rf1 Rh8 24. f5 gxf5 25. g6+ Kg7 26. exf5 Bxf5 27. Nd5 Bg5 28. Qd4+ Kxg6 29. Rg1 Rf8 30. Nf4+ Kh6 31. Nxh3 Bxh3 32. Qxd6+ Rf6 33. Qh2 Rf3 34. Qe2 Re3 35. Qf2 Re7 36. Qf8+ Rg7 37. Qh8+ Rh7 38. Qf8+ Kh5 39. Qf3+ Kg6 40. Qe4+ Bf5 41. Qe8+ Rf7 42. Rxg5+ Kf6 43. Rxf5+ Kxf5 44. Qxf7+ Ke5 45. Qxb7 Kd6 46. Qxa6+ Kc5 47. c3 Kd5 48. b4 Ke4 49. b5 Kd5 50. b6 Kc6 51. b7+ Kc7 52. Qa8 Kd6 53. b8=Q+ Kc5 54. Qc7+ Kb5 55. Qaa5# 1-0


[Site "https://www.chess.com"]

[Event "Titled Tuesday Blitz August 08 Early 2023"]
[White "Haukenfrers, Dale"]
[Black "Baches Garcia, Guillermo"]
[WhiteFideId "2603780"]
[BlackFideId "2209764"]
[WhiteElo "2135"]
[BlackElo "2456"]
[Result "1/2-1/2"]
[Round "7"]
[TimeControl "180+1"]
[Date "2023.08.08"]
[WhiteClock "0:02:22"]
[BlackClock "0:00:50"]
[Board "159"]

1. c3 e5 2. f3 d5 3. e4 dxe4 4. Be2 Bc5 5. fxe4 Qh4+ 6. g3 Qxe4 7. Nf3 Nc6 8. d4 exd4 9. Nbd2 Qe7 10. Nb3 dxc3 11. Nxc5 Qxc5 12. bxc3 Bh3 13. Bb2 Rd8 14. Qb3 Bg2 15. Ba3 Qe3 16. Bc1 Qe7 17. Ba3 Qe3 18. Bc1 Qe7 19. Ba3 Qe3 1/2-1/2


[Site "https://www.chess.com"]

[Event "Titled Tuesday Blitz August 08 Early 2023"]
[White "Karas, Marek"]
[Black "Mishra, Manoj"]
[WhiteFideId "14928558"]
[BlackFideId "5006007"]
[WhiteElo "2442"]
[BlackElo "2232"]
[Result "0-1"]
[Round "7"]
[TimeControl "180+1"]
[Date "2023.08.08"]
[WhiteClock "0:00:00"]
[BlackClock "0:00:19"]
[Board "160"]

1. h4 Nf6 2. d4 c5 3. d5 d6 4. Nc3 Nbd7 5. e4 a6 6. a4 Ne5 7. Bf4 Ng6 8. Bg3 h5 9. f3 e5 10. Nh3 Bxh3 11. Rxh3 Nf4 12. Rh1 g6 13. Bf2 g5 14. hxg5 Nd7 15. Bh4 Ng6 16. g3 Be7 17. Qd2 Ndf8 18. Bh3 Nxh4 19. gxh4 Ng6 20. Bf5 Nxh4 21. Qe2 Bxg5 22. Bh3 Qf6 23. Rf1 Qf4 24. Qf2 Ng6 25. Kd1 Bh4 26. Qe2 Qg3 27. Qg2 Nf4 28. Qxg3 Bxg3 29. Bf5 h4 30. Rh1 h3 31. Ne2 Nxe2 32. Kxe2 h2 33. c3 Ke7 34. Kf1 Rag8 35. Bg4 Bf4 36. Kg2 Rh4 37. b4 c4 38. a5 Rgh8 39. Kf2 Bd2 40. Ra3 Kf6 41. Ke2 Bc1 42. Ra1 Bb2 43. Rab1 Bxc3 44. b5 Bxa5 45. bxa6 bxa6 46. Ra1 Bc3 47. Rxa6 Bb4 48. Rc6 Bc5 49. Kd2 Kg5 0-1


[Site "https://www.chess.com"]

[Event "Titled Tuesday Blitz August 08 Early 2023"]
[White "Tharushi, T H D Niklesha"]
[Black "Rietze, Clemens, Dr."]
[WhiteFideId "9918264"]
[BlackFideId "24620351"]
[WhiteElo "2057"]
[BlackElo "2436"]
[Result "1-0"]
[Round "7"]
[TimeControl "180+1"]
[Date "2023.08.08"]
[WhiteClock "0:00:12"]
[BlackClock "0:00:00"]
[Board "161"]

1. d4 Nf6 2. c4 g6 3. Nc3 Bg7 4. e4 d6 5. Nf3 O-O 6. Be2 Na6 7. Be3 e5 8. O-O Ng4 9. Bg5 f6 10. Bc1 Nh6 11. a3 c6 12. d5 Nf7 13. b4 f5 14. Ne1 c5 15. b5 Nb8 16. a4 Nd7 17. a5 Nf6 18. f3 f4 19. Nd3 g5 20. Nf2 h5 21. g3 fxg3 22. hxg3 Kh8 23. Be3 Rg8 24. Qd2 Bh6 25. Kg2 Rg6 26. a6 b6 27. Rh1 Qg8 28. Rag1 Bd7 29. Kf1 Qg7 30. f4 gxf4 31. gxf4 exf4 32. Bxf4 Rg8 33. Rxg6 Qxg6 34. Qe3 Rg7 35. Ke1 Bxf4 36. Qxf4 Ne5 37. Nh3 Bxh3 38. Rxh3 Qg1+ 39. Kd2 Qd4+ 40. Kc2 Ng6 41. Qh6+ Kg8 42. Bxh5 Nxh5 43. Rxh5 Qxc4 44. Qg5 Qd4 45. Qd8+ Nf8 46. Rg5 c4 47. Rxg7+ Qxg7 48. Qc8 1-0


[Site "https://www.chess.com"]

[Event "Titled Tuesday Blitz August 08 Early 2023"]
[White "Nithyalakshmi, Sivanesan"]
[Black "Vaibhav, Suri"]
[WhiteFideId "5706955"]
[BlackFideId "5045185"]
[WhiteElo "2340"]
[BlackElo "2716"]
[Result "0-1"]
[Round "7"]
[TimeControl "180+1"]
[Date "2023.08.08"]
[WhiteClock "0:00:00"]
[BlackClock "0:00:43"]
[Board "162"]

1. e4 e5 2. Nf3 Nc6 3. d4 exd4 4. Nxd4 Bb4+ 5. c3 Bc5 6. Be3 Bb6 7. Bd3 Nf6 8. Nd2 Nxd4 9. cxd4 d5 10. e5 Ng4 11. Qe2 O-O 12. O-O f6 13. f4 fxe5 14. fxe5 Be6 15. h3 Nxe3 16. Qxe3 Qh4 17. Nb3 a5 18. a4 g6 19. Rae1 Rxf1+ 20. Rxf1 Rf8 21. Rxf8+ Kxf8 22. Qf2+ Qxf2+ 23. Kxf2 Bd7 24. Bb5 Bxb5 25. axb5 a4 26. Nc5 Bxc5 27. dxc5 Ke7 28. Ke3 Ke6 29. Kd4 c6 30. b6 h5 31. h4 Kf5 32. g3 Ke6 33. Kc3 Kxe5 34. Kb4 d4 35. Kxa4 d3 36. Kb3 Kd4 0-1


[Site "https://www.chess.com"]